 Dungeon Crawl Stone Soup version 0.28.0-49-g6dfe1f597d (webtiles) character file.

Game seed: 16845138583935481775

109 CryoSword the Chopper (level 4, 0/35 HPs)
             Began as a Demonspawn Abyssal Knight on May 15, 2022.
             Was a Believer of Lugonu.
             Slain by an adder (3 damage)
             ... on level 6 of the Dungeon.
             The game lasted 00:03:19 (2421 turns).

CryoSword the Chopper (Demonspawn Abyssal Knight)   Turns: 2421, Time: 00:03:20

Health: 0/35       AC:  6    Str: 16    XL:     4   Next: 60%
Magic:  4/6        EV:  9    Int: 11    God:    Lugonu [**....]
Gold:   79         SH:  8    Dex: 13    Spells: 3/3 levels left

rFire   . . .      SeeInvis .   a - +1 hand axe
rCold   . . .      Faith    .   e - +0 buckler
rNeg    . . .      Spirit   .   i - +0 scale mail
rPois   .          Reflect  .   (no helmet)
rElec   .          Harm     .   (no cloak)
rCorr   .          Rampage  .   (no gloves)
Will    .....                   (no boots)
Stlth   ..........              (no amulet)
HPRegen 0.11/turn               (no ring)
MPRegen 0.10/turn               (no ring)

@: no status effects
A: large bone plates 1, foul stench 1
a: Renounce Religion, Depart the Abyss, Bend Space


You were on level 6 of the Dungeon.
You worshipped Lugonu.
Lugonu was pleased with you.
You visited 1 branch of the dungeon, and saw 4 of its levels.
You visited the Abyss 1 time.

You collected 79 gold pieces.

Inventory:

Hand Weapons
 a - a +1 hand axe (weapon)
Missiles
 b - 4 poisoned darts
Armour
 e - a +0 buckler (worn)
   (You found it on level 1 of the Dungeon)
 f - a +0 tower shield
   (You found it on level 1 of the Dungeon)
 i - a +0 scale mail (worn)
   (You found it on level 2 of the Dungeon)
Scrolls
 c - a scroll of torment {unknown}
 d - a scroll of blinking
Potions
 g - a potion of lignification {!q}


   Skills:
 - Level 3.0 Fighting
 * Level 3.8 Axes
 - Level 1.7 Armour
 - Level 0.8 Dodging
 + Level 1.4 Shields
 + Level 3.0 Invocations


You had 3 spell levels left.
You didn't know any spells.
Your spell library contained the following spells:

 Spells                   Type           Power      Damage    Failure   Level
 Static Discharge         Conj/Air       0%         N/A       95%         2
 Dispel Undead            Necr           0%         3d6       100%        4
 Sticky Flame             Conj/Fire      0%         2d3       100%        4


Dungeon Overview and Level Annotations

Branches:
Dungeon (3/15)

Altars:


Innate Abilities, Weirdness & Mutations

You are partially covered in large bone plates. (SH +4)
You may rarely emit foul miasma when damaged in melee.


Message History

You kill the bat!
Lugonu accepts your kill.
You hit the giant cockroach. You block the giant cockroach's attack.
You hit the giant cockroach but do no damage.
The giant cockroach bites you but does no damage.
You block the giant cockroach's attack.
You barely miss the giant cockroach. You block the giant cockroach's attack.
You barely miss the giant cockroach. You block the giant cockroach's attack.
You slash the giant cockroach!
You kill the giant cockroach!
Lugonu accepts your kill.
No target in view!
No target in view!
No target in view!
No target in view!
You see here a bat corpse.
Found 4 poisoned darts.
Things that are here:
a giant cockroach corpse; an adder corpse
Found a mace.
You now have 79 gold pieces (gained 14).
A bat comes into view.
A bat is nearby!
A bat is nearby!
A bat is nearby!
You block the bat's attack.
You hit the bat. You block the bat's attack.
You closely miss the bat. The bat hits you but does no damage.
The bat misses you.
You miss the bat. The bat hits you but does no damage.
You completely miss the bat. The bat closely misses you.
You hit the bat.
You kill the bat!
Lugonu accepts your kill.
Your Invocations skill increases to level 3!
No target in view!
b - 4 poisoned darts An adder comes into view.
The adder hisses angrily.
An adder is nearby!
An adder is nearby!
You hit the adder. The adder closely misses you. You block the adder's attack.
You hit the adder. The adder misses you.
You barely miss the adder. The adder barely misses you. The adder bites you.
You are poisoned.
The adder poisons you!
You hit the adder.
You kill the adder!
Lugonu accepts your kill.
You feel sick.
No target in view!
You are mildly poisoned (31 -> 25).
Your movement speed is average.
Your attack delay is about 1.1.
You feel sick.
You feel sick.
You feel sick.
You feel sick.
You feel sick.
You feel sick.
You are no longer poisoned.
A sourceless malevolence fills the Dungeon...
You fall into a shaft and drop 3 floors!
The shaft crumbles and collapses.
A sky beast comes into view.
Found a scroll of blinking and a scroll labelled XIPTA JYCWISU.
Found a stone staircase leading down.
An iguana comes into view.
The iguana barely misses you.
A hound comes into view.
The hound barks!
The sky beast flickers out of sight!
Deactivating autopickup; reactivate with Ctrl-A.
The hound moves out of view.
You closely miss the hound. You hit the iguana. You block the hound's attack.
The iguana completely misses you.
A sky beast comes into view.
The hound bites you. You block the hound's attack.
You block the hound's attack. The hound bites you. The hound barely misses you.
A sky beast appears from thin air!
Reactivating autopickup.
Found 31 arrows.
You block the hound's attack.
The sky beast flickers out of sight!
Deactivating autopickup; reactivate with Ctrl-A.
The sky beast flickers out of sight!
Found 18 gold pieces.
The hound bites you but does no damage.
Found 7 gold pieces.
The hound closely misses you.
A sky beast appears from thin air!
Reactivating autopickup.
You see here 18 gold pieces.
Okay, then.
You block the hound's attack. The hound bites you.
You block the hound's attack. You block the hound's attack.
The hound barely misses you.
Found a shortbow.
The sky beast flickers out of sight!
Deactivating autopickup; reactivate with Ctrl-A.
The hound bites you but does no damage.
A bullfrog comes into view.
The bullfrog croaks.
The hound bites you but does no damage.
An adder comes into view.
You block the hound's attack.
Found a stone staircase leading down.
A sky beast appears from thin air!
Reactivating autopickup.
The hound barely misses you. The hound closely misses you.
The sky beast flickers out of sight!
Deactivating autopickup; reactivate with Ctrl-A.
Okay, then.
A sky beast appears from thin air!
Reactivating autopickup.
The sky beast closely misses you. Space bends around you!
You blink.
The iguana bites you!
* * * LOW HITPOINT WARNING * * *
A sky beast appears from thin air!
The adder hisses angrily.
The hound barely misses you. The hound bites you.
* * * LOW HITPOINT WARNING * * *
You block the iguana's attack.
The sky beast flickers out of sight!
Deactivating autopickup; reactivate with Ctrl-A.
You block the hound's attack.
You slash the adder! You hit the hound. You barely miss the sky beast.
You hit the bullfrog. The adder bites you.
* * * LOW HITPOINT WARNING * * *
The hound bites you.
* * * LOW HITPOINT WARNING * * *
The bullfrog hits you but does no damage.
The sky beast barely misses you. Space bends around you!
You blink.
The bullfrog hits you.
* * * LOW HITPOINT WARNING * * *
You block the adder's attack.
A sky beast appears from thin air!
Reactivating autopickup.
The sky beast flickers out of sight!
Deactivating autopickup; reactivate with Ctrl-A.
The sky beast flickers out of sight!
The bullfrog hits you.
* * * LOW HITPOINT WARNING * * *
Okay, then.
You hit the bullfrog. You closely miss the hound. You hit the adder.
The hound closely misses you. The adder bites you.
You die...

#..........# ##>#...#..##
#.#....### ###......##
######## ###..l....##
#..#...# #..........##
$......# #...........#
.......# ##..hFS.......#
.......# ##....@.........#
.......# ##.(..............
.......###...............##
#....$.#................#
#....{..................#
.#....##.....#..........##
#....ยง...................
##........##............
...####.######.....


You could see a bullfrog, an iguana, a hound and an adder.

Vanquished Creatures
  5 adders
  2 worms (D:2)
  2 dart slugs (D:1)
  3 endoplasms
  5 giant cockroaches
  2 goblins (D:1)
  5 hobgoblins
  5 jackals
  4 kobolds
  2 quokkas (D:1)
  2 ball pythons (D:1)
  8 bats
  3 frilled lizards (D:2)
  2 rats
50 creatures vanquished.

Notes
Turn   | Place    | Note
-------+----------+-------------------------------------------
     0 | Abyss:1  | CryoSword the Demonspawn Abyssal Knight began the quest for
                  | the Orb.
     0 | Abyss:1  | Reached XP level 1. HP: 18/18 MP: 2/2
     5 | Abyss:1  | Found a corrupted altar of Lugonu.
    62 | D:1      | Escaped the Abyss
   502 | D:1      | Gained mutation: You may rarely emit foul miasma when
                  | damaged in melee. [demonic ancestry]
   502 | D:1      | Reached XP level 2. HP: 23/24 MP: 3/3
   554 | D:1      | Found a faded altar of an unknown god.
  1097 | D:1      | Gained mutation: You are partially covered in large bone
                  | plates. (SH +4) [demonic ancestry]
  1097 | D:1      | Reached XP level 3. HP: 23/29 MP: 4/4
  1342 | D:2      | Reached ** piety under Lugonu
  1344 | D:2      | Reached skill level 1 in Shields
  1682 | D:2      | Reached XP level 4. HP: 12/35 MP: 5/5
  2368 | D:3      | You fall into a shaft and drop 3 floors!
  2368 | D:6      | Noticed a sky beast
  2382 | D:6      | Noticed a sky beast
  2404 | D:6      | Noticed a bullfrog
  2421 | D:6      | Slain by an adder

Illustrated notes

Levels and vault maps discovered:
D:1:      tarquinn_simple_flora_water_c, layout_loops_ring,
          dreamdust_ecumenical_altar_sealed_demon
D:2:      layout_rooms, minmay_pentomino_q2
D:3:      layout_basic
D:6:      layout_cave_pools, mainiacjoe_overflow_brackets,
          minmay_temple_entry_butterflies

Skill      XL: |  1  2  3  4 |
---------------+-------------+-----
Axes           | 2 3 |  3.8
Shields        | 1 |  1.4
Invocations    | 3 |  3.0
Fighting       | |  3.0
Armour         | |  1.7
Dodging        | |  0.8

Action                   |  1- 3 |  4- 6 || total
-------------------------+-------+-------++-------
Melee: Hand axe          |   122 |    56 ||   178
Invok: Bend Space        |       |     2 ||     2
  Use: Scroll            |       |     2 ||     2
 Stab: Sleeping          |     1 |       ||     1
Armor: Leather armour    |    46 |     4 ||    50
       Scale mail        |       |    12 ||    12
Dodge: Dodged            |    73 |    36 ||   109
Block: Buckler           |    30 |    37 ||    67
